 Dungeon Crawl Stone Soup version 0.28-b1-25-g9875b3fc8c (webtiles) character file.

Game seed: 13608193940426922343

98 mcbry74 the Firebug (level 4, -3/24 HPs)
             Began as a Deep Elf Fire Elementalist on Feb 1, 2022.
             Killed from afar by Sigmund (4 damage)
             ... with a magic dart
             ... on level 2 of the Dungeon.
             The game lasted 00:07:59 (1620 turns).

mcbry74 the Firebug (Deep Elf Fire Elementalist)    Turns: 1620, Time: 00:08:01

Health: -3/24      AC:  2    Str:  5    XL:     4   Next: 43%
Magic:  8/11       EV: 12    Int: 22    God:
Gold:   38         SH:  0    Dex: 15    Spells: 6/10 levels left

rFire   . . .      SeeInvis .   (no weapon)
rCold   . . .      Faith    .   (no shield)
rNeg    . . .      Spirit   .   a - +0 robe
rPois   .          Reflect  .   (no helmet)
rElec   .          Harm     .   (no cloak)
rCorr   .          Rampage  .   (no gloves)
Will    .....                   (no boots)
Stlth   ++........              (no amulet)
HPRegen 0.08/turn               (no ring)
MPRegen 0.12/turn               (no ring)

@: no status effects
A: no striking features
a: no special abilities


You were on level 2 of the Dungeon.
You visited 1 branch of the dungeon, and saw 2 of its levels.

You collected 38 gold pieces.

Inventory:

Hand Weapons
 c - a +0 whip
Armour
 a - a +0 robe (worn)
Jewellery
 e - a +6 ring of strength
Scrolls
 b - a scroll of amnesia {unknown}
 d - a scroll of vulnerability {unknown}
 f - a scroll of enchant weapon {unknown}
 i - 3 scrolls of identify {unknown}
Potions
 g - a potion of degeneration {unknown}
 h - a potion of resistance {unknown}
 j - 2 potions of curing {unknown}


   Skills:
 - Level 2.4 Dodging
 - Level 2.4 Stealth
 + Level 3.8 Spellcasting
 + Level 2.3 Conjurations
 * Level 4.9 Fire Magic


You had 6 spell levels left.
You knew the following spells:

 Your Spells              Type           Power      Damage    Failure   Level
a - Foxfire               Conj/Fire      80%        2x1d8     2%          1
b - Inner Flame           Hex/Fire       15%        N/A       12%         3

Your spell library contained the following spells:

 Spells                   Type           Power      Damage    Failure   Level
 Scorch                   Fire           52%        2d8       2%          2
 Conjure Flame            Conj/Fire      20%        6-21      8%          3
 Flame Wave               Conj/Fire      20%        2d7       26%         4


Dungeon Overview and Level Annotations

Branches:
Dungeon (2/15)

Altars:

Annotations:
D:2 Sigmund


Message History

Casting: Inner Flame (quite dangerous; 12% risk of failure)
Confirm with . or Enter, or press ? or * to list all spells.
Okay, then.
Casting: Inner Flame (quite dangerous; 12% risk of failure)
Confirm with . or Enter, or press ? or * to list all spells.
The spell is quite dangerous to miscast (12% risk of failure)!
Continue anyway?
Aiming: Inner Flame (quite dangerous; 12% risk of failure)
Press: ? - help, Dir - move target You can't see anything there.
Casting: Inner Flame (quite dangerous; 12% risk of failure)
Confirm with . or Enter, or press ? or * to list all spells.
The spell is quite dangerous to miscast (12% risk of failure)!
Continue anyway?
Aiming: Inner Flame (quite dangerous; 12% risk of failure)
Press: ? - help, Dir - move target You can't see anything there.
Unknown command.
You feel yourself speed up.
You are confused.
Something hits you.
Your magical contamination has completely faded away.
You feel less confused. Something hits you.
You hear some strange, mumbled words.
A puff of flame appears from out of thin air!
The puff of flame hits you! Something hits you.
* * * LOW HITPOINT WARNING * * *
A magic dart appears from out of thin air!
The magic dart hits you!
* * * LOW HITPOINT WARNING * * *
Casting: Inner Flame (quite dangerous; 12% risk of failure)
Confirm with . or Enter, or press ? or * to list all spells.
The spell is quite dangerous to miscast (12% risk of failure)!
Continue anyway?
Aiming: Inner Flame (quite dangerous; 12% risk of failure)
Press: ? - help, Dir - move target, f - Sigmund
Aim: Sigmund, wielding a +0 scythe and wearing a +0 robe (chance to affect: 76%) Sigmund is filled with an inner flame.
Sigmund points at you and mumbles some strange words.
The magic dart hits you.
You die...

#.# #................≈≈♣≈
#.# #................≈.≈≈
#.###................♣.≈.
#.#...#####+#########≈.≈≈
#.#..@### #.# #####≈≈≈#
#.#.....# #.#####....≈≈..
#.#.....# #.#...#.####..#
#.#.....###.#...#.##.....
#.......@...#...#.##...##
###...##..##...........#
#...###.#..♣♣♣♣♣♣....#
##### #...♣♣ ♣....#
##..♣♣ ##...## #..♣♣
#...## ##.♣♣ ♣...## #..♣
+...#. #..♣♣ ♣...#.


You could see Sigmund (inner flame).

Vanquished Creatures
  Terence (D:2)
  4 adders (D:2)
  2 worms (D:2)
  2 dart slugs
  4 bats
  An endoplasm (D:1)
  4 goblins
  A hobgoblin (D:1)
  2 kobolds (D:1)
  4 ball pythons
  5 frilled lizards
  2 rats (D:1)
32 creatures vanquished.

Vanquished Creatures (others)
  92 foxfires
92 creatures vanquished.

Grand Total: 124 creatures vanquished

Notes
Turn   | Place    | Note
-------+----------+-------------------------------------------
     0 | D:1      | mcbry74 the Deep Elf Fire Elementalist began the quest for
                  | the Orb.
     0 | D:1      | Reached XP level 1. HP: 10/10 MP: 6/6
   365 | D:1      | Reached XP level 2. HP: 15/15 MP: 6/8
   400 | D:1      | Reached skill level 4 in Fire Magic
   803 | D:2      | Noticed Sigmund
   862 | D:2      | Reached XP level 3. HP: 19/19 MP: 4/9
  1091 | D:2      | Learned a level 3 spell: Inner Flame
  1282 | D:2      | Reached XP level 4. HP: 24/24 MP: 9/11
  1367 | D:2      | Noticed Terence
  1379 | D:2      | Killed Terence
  1612 | D:2      | HP: 1/24 [something/magic dart (7)]
  1620 | D:2      | Killed from afar by Sigmund

Illustrated notes

Levels and vault maps discovered:
D:1:      arrival_zaba_pyramid, layout_basic
D:2:      layout_basic, dilly_ecumenical_altar_fadedgnrine, serial_glass,
          glass_columns_a, glass_columns_c, chequers_serial_rivers_marsh,
          st_stairs_9, lightli_corner_chamber, uniq_sigmund, uniq_terence

Skill      XL: |  1  2  3  4 |
---------------+-------------+-----
Fire Magic     | 4 |  4.9
Conjurations   | 2 |  2.3
Dodging        | |  2.4
Stealth        | |  2.4
Spellcasting   | |  3.8

Action                   |  1- 3 |  4- 6 || total
-------------------------+-------+-------++-------
 Cast: Foxfire           |    44 |     9 ||    53
       Inner Flame       |       |     1 ||     1
Armor: Robe              |     1 |     2 ||     3
Dodge: Dodged            |     5 |     2 ||     7
